 Dungeon Crawl Stone Soup version 0.23-a0-108-gf7ee2ed (webtiles) character file.

49 Amnesiac the Magician (level 3, -3/24 HPs)
             Began as a Mummy Air Elementalist on Aug 21, 2018.
             Shot with an arrow by a centaur (7 damage)
             ... on level 5 of the Dungeon.
             The game lasted 00:01:51 (814 turns).

Amnesiac the Magician (Mummy Air Elementalist)       Turns: 814, Time: 00:01:52

Health: -3/24      AC:  2    Str: 11    XL:     3   Next: 53%
Magic:  7/7        EV: 12    Int: 15    God:
Gold:   13         SH:  0    Dex: 12    Spells: 5/8 levels left

rFire    x . .     SeeInvis .   (no weapon)
rCold    + . .     Gourm    .   (no shield)
rNeg     + + +     Faith    .   a - +0 robe
rPois    ∞         Spirit   .   (no helmet)
rElec    .         Reflect  .   (no cloak)
rCorr    .         Harm     .   (no gloves)
MR       .....                  (no boots)
Stlth    ++........             (no amulet)
HPRegen  0.08/turn              (no ring)
MPRegen  0.10/turn              (no ring)

@: about to teleport
A: no food or potions, fire vulnerability, cold resistance 1, negative energy
resistance 3, torment resistance, unbreathing
a: no special abilities


You were on level 5 of the Dungeon.
You were not hungry.

You visited 1 branch of the dungeon, and saw 5 of its levels.

You collected 13 gold pieces.

Inventory:

Hand Weapons
 b - a +0 blowgun
Missiles
 c - 11 poisoned needles
Armour
 a - a +0 robe (worn)
Scrolls
 d - a scroll of blinking {!r, unknown}
 e - a scroll of enchant weapon {!r, unknown}
 f - a scroll of remove curse {!r, unknown}


   Skills:
 - Level 1.5 Dodging
 - Level 1.5 Stealth
 + Level 3.4 Spellcasting
 - Level 0.7 Conjurations
 * Level 3.4 Air Magic


You had 5 spell levels left.
You knew the following spells:

 Your Spells              Type           Power        Failure   Level  Hunger
a - Shock                 Conj/Air       #...         9%          1    N/A
z - Swiftness             Chrm/Air       #.......     14%         2    N/A

Your spell library contained the following spells:

 Spells                   Type           Power        Failure   Level  Hunger
 Static Discharge         Conj/Air       #.......     24%         3    N/A
 Airstrike                Air            ##........   41%         4    N/A
 Lightning Bolt           Conj/Air       #.........   92%         5    N/A

Dungeon Overview and Level Annotations

Branches:
Dungeon (5/15)
 Temple: D:4-7

Altars:
Ashenzari


Innate Abilities, Weirdness & Mutations

You do not eat or drink.
Your flesh is vulnerable to fire.
You are immune to poison.
Your flesh is cold resistant. (rC+)
You are immune to negative energy. (rN+++)
You are immune to unholy pain and torment.
You can survive without breathing.


Message History

Aiming: Shock (safe; 9% risk of failure)
Press: ? - help, Shift-Dir - straight line, f/p - worm
Aim: a worm (moderately wounded)
The zap hits the worm.
The worm is heavily wounded.
The zap hits the worm.
The worm is severely wounded.
The worm misses you.
Casting: Shock (safe; 9% risk of failure)
Confirm with . or Enter, or press ? or * to list all spells.
Aiming: Shock (safe; 9% risk of failure)
Press: ? - help, Shift-Dir - straight line, f/p - worm
Aim: a worm (severely wounded)
The zap hits the worm.
The worm is almost dead.
The zap hits the worm.
You kill the worm!
Casting: Shock (safe; 9% risk of failure)
Confirm with . or Enter, or press ? or * to list all spells.
You can't see any susceptible monsters within range! (Use Z to cast anyway.)
Casting: Shock (safe; 9% risk of failure)
Confirm with . or Enter, or press ? or * to list all spells.
You can't see any susceptible monsters within range! (Use Z to cast anyway.)
Casting: Shock (safe; 9% risk of failure)
Confirm with . or Enter, or press ? or * to list all spells.
You can't see any susceptible monsters within range! (Use Z to cast anyway.)
You start resting.
Magic restored.
Okay, then.
You start resting.
Magic restored.
Found a stone staircase leading down.
You open the door.
There is an open door here.
You open the door.
Found an escape hatch in the floor.
There is an open door here.
You open the door.
There is an open door here.
You open the door.
Found 2 tomahawks.
There is an open door here.
There is an escape hatch in the floor here.
You slide downwards.
The hatch slams shut behind you.
An iguana and 2 centaurs come into view.
The centaur shouts!
You hear a shout!
Found a scale mail, 11 arrows, 7 poisoned needles and a leather armour.
Found a stone staircase leading up.
Okay, then.
A crimson imp comes into view.
The centaur wields a shortbow.
The centaur shoots an arrow.
The arrow hits you!
Ouch! That really hurt!
* * * LOW HITPOINT WARNING * * *
You see here an arrow.
Really read
g - a scroll labeled SYBBAG VAEHIUFENO {!r}?
As you read the scroll labeled SYBBAG VAEHIUFENO {!r}, it crumbles to dust.
You feel strangely unstable.
It was a scroll of teleportation {!r}.
The centaur wields a shortbow.
The centaur shoots an arrow.
The arrow closely misses you.
The centaur shoots an arrow.
The arrow closely misses you.
The centaur shoots an arrow.
The arrow hits you!
* * * LOW HITPOINT WARNING * * *
The centaur shoots an arrow.
The arrow hits you!
You die...

.##.##.######
............
....[......# .
#..........##..
#.......5...
##....l.... .
#........####.#
#......@...c..##
#.......(......#
...[.......###.+
....(.......#
...(.........<.
.....(.........#
.....c..........
................
................


You could see 2 centaurs, an iguana and a crimson imp.

Vanquished Creatures
  A centaur skeleton (D:4)
  A worm (D:4)
  A dart slug (D:2)
  A leopard gecko (D:3)
  3 bats
  2 goblins (D:1)
  A hobgoblin (D:1)
  A frilled lizard (D:4)
  5 kobolds
  4 rats
20 creatures vanquished.

Notes
Turn   | Place    | Note
-------+----------+-------------------------------------------
     0 | D:1      | Amnesiac the Mummy Air Elementalist began the quest for the Orb.
     0 | D:1      | Reached XP level 1. HP: 13/13 MP: 4/4
   343 | D:1      | Reached XP level 2. HP: 19/19 MP: 3/5
   347 | D:1      | Learned a level 2 spell: Swiftness
   436 | D:3      | Found a shattered altar of Ashenzari.
   592 | D:4      | Reached XP level 3. HP: 19/24 MP: 0/7
   811 | D:5      | Entered Level 5 of the Dungeon
   811 | D:5      | Noticed a centaur
   811 | D:5      | Noticed a centaur
   814 | D:5      | Shot with an arrow by a centaur

Vault maps used:
D:1:      kilobyte_arrival_exit_the_forest, st_stairs_8
D:2:      cheibrodos_fertilizer, lemuel_zombie_altar_yredelemnul,
          lemuel_doored_altar
D:3:      overflow_temple_1_default, bloody_trog, uniq_sigmund
D:4:      serial_shops, shop
D:5:      grunt_temple_overflow_champion_of_chaos, minmay_temple_entry_hall,
          serial_shops, shop, first_ration, basic_altar

Skill      XL: |  1  2 |
---------------+-------+-----
Spellcasting   | 3 |  3.4
Air Magic      | 3 |  3.4
Dodging        | |  1.5
Stealth        | |  1.5
Conjurations   | |  0.7

Action                   || total
-------------------------++-------
Melee: Unarmed           ||     8
 Cast: Shock             ||    36
  Use: Scroll            ||     1
Armor: Robe              ||     4
Dodge: Dodged            ||    17

Table legend:
 A = Non-vault XP
 B = Vault XP
 C = Vault XP percentage of total XP
 D = Non-vault monster count
 E = Vault monster count
 F = Vault count percentage of total count
                 A         B        C        D         E       F
            +---------+---------+-------+---------+---------+-------
      Total |      71 |       0 |   0.0 |      20 |       0 |   0.0
            +---------+---------+-------+---------+---------+-------
        D:1 |      14 |       0 |   0.0 |      10 |       0 |   0.0
        D:2 |       4 |       0 |   0.0 |       1 |       0 |   0.0
        D:3 |       8 |       0 |   0.0 |       6 |       0 |   0.0
        D:4 |      45 |       0 |   0.0 |       3 |       0 |   0.0
            +---------+---------+-------+---------+---------+-------
